 Dungeon Crawl Stone Soup version 0.25.1-2-g60ff931df9 (webtiles) character file.

Game seed: 6367702762839520309

114 Erymatos the Chopper (level 4, -3/41 HPs)
             Began as a Minotaur Berserker on Nov 10, 2020.
             Was a Believer of Trog.
             Killed by nerve-wracking pain
             ... invoked by an orc priest
              (14 damage)
             ... on level 3 of the Dungeon.
             The game lasted 00:03:04 (2415 turns).

Erymatos the Chopper (Minotaur Berserker)           Turns: 2415, Time: 00:03:05

Health: -3/41      AC:  2    Str: 22    XL:     4   Next: 66%
Magic:  3/3        EV: 13    Int:  4    God:    Trog [**....]
Gold:   147        SH:  0    Dex: 10    Spells: 3/3 levels left

rFire    + . .     SeeInvis .   a - +0 hand axe
rCold    . . .     Gourm    .   (no shield)
rNeg     . . .     Faith    .   b - +0 animal skin
rPois    .         Spirit   .   (helmet restricted)
rElec    .         Reflect  .   (no cloak)
rCorr    .         Harm     .   (no gloves)
MR       .....                  (no boots)
Stlth    +.........             (no amulet)
HPRegen  0.13/turn              m - ring of protection from fire
MPRegen  0.08/turn              (no ring)

@: no status effects
A: retaliatory headbutt, horns 2
a: Berserk, Trog's Hand, Renounce Religion


You were on level 3 of the Dungeon.
You worshipped Trog.
Trog was pleased with you.
You were not hungry.

You visited 1 branch of the dungeon, and saw 3 of its levels.

You collected 147 gold pieces.

Inventory:

Hand Weapons
 a - a +0 hand axe (weapon)
Armour
 b - a +0 animal skin (worn)
Jewellery
 m - a ring of protection from fire (left hand)
Scrolls
 d - a scroll of magic mapping {unknown}
 g - 4 scrolls of teleportation {unknown}
 j - a scroll of random uselessness {unknown}
 k - a scroll of identify {unknown}
 l - a scroll of blinking {unknown}
 n - a scroll of remove curse {unknown}
Potions
 e - a potion of resistance {unknown}
 h - 2 potions of curing {unknown}
 i - a potion of berserk rage {unknown}
Comestibles
 c - 2 rations
 f - 4 chunks of flesh


   Skills:
 + Level 4.9 Fighting
 + Level 5.0 Axes
 + Level 2.5 Armour
 + Level 3.1 Dodging


You had 3 spell levels left.
You didn't know any spells.
Your spell library was empty.

Dungeon Overview and Level Annotations

Branches:
Dungeon (3/15)

Altars:


Innate Abilities, Weirdness & Mutations

You reflexively headbutt those who attack you in melee.
You have a pair of horns on your head.


Message History

You closely miss the orc priest.
The orc priest is lightly wounded.
The orc priest hits you with a +0 vorpal hand axe!
* * * LOW HITPOINT WARNING * * *
An orc priest is nearby!
You are too injured to fight recklessly!
Unknown command.
An orc priest is nearby!
You are too injured to fight recklessly!
An orc priest is nearby!
Unknown command.
An orc priest is nearby!
You are too injured to fight recklessly!
Unknown command.
You are too injured to fight recklessly!
You hit the orc priest. Your headbutt misses the orc priest.
The orc priest is moderately wounded.
The orc priest mumbles some strange prayers to Beogh against you.
Pain shoots through your body!
You die...

.# ... #.. ###.# ..####..
...... ##......###.
............ ...........
........(..# #.....#....
...........# #.......###
...........# #.o))......
...........# ##@...###
...........####..#....#
....................#.#
....<.....####......#.#####
...#.......###.#.##!.......
#########(.................
##.รท.....#############
####....#.......#
##......##.#####..#


You could see an orc priest.

Vanquished Creatures
  3 adders (D:2)
  An ooze (D:2)
  2 worms (D:2)
  2 dart slugs
  4 orcs (D:3)
  A giant cockroach (D:1)
  8 hobgoblins
  4 jackals (D:3)
  4 quokkas
  A ball python (D:3)
  8 bats
  2 frilled lizards
  6 goblins
  15 kobolds
  6 rats
67 creatures vanquished.

Notes
Turn   | Place    | Note
-------+----------+-------------------------------------------
     0 | D:1      | Erymatos the Minotaur Berserker began the quest for the
                  | Orb.
     0 | D:1      | Reached XP level 1. HP: 19/19 MP: 0/0
   582 | D:1      | Reached XP level 2. HP: 25/27 MP: 1/1
   739 | D:1      | Reached skill level 4 in Axes
  1009 | D:2      | Reached XP level 3. HP: 26/34 MP: 2/2
  1099 | D:2      | Reached ** piety under Trog
  1519 | D:2      | Reached XP level 4. HP: 25/41 MP: 3/3
  2373 | D:3      | Reached skill level 5 in Axes
  2415 | D:3      | Killed from afar by an orc priest

Illustrated notes

Levels and vault maps discovered:
D:1:      co_arrival_random_square_maze, layout_loops_ring
D:2:      layout_rooms, serial_bayou_pond_b, chequers_jeans
D:3:      layout_rooms, uniq_crazy_yiuf_cottage

Skill      XL: |  1  2  3  4 |
---------------+-------------+-----
Fighting       | 4 |  4.9
Axes           | 4 5 |  5.0
Dodging        | 3 |  3.1
Armour         | |  2.5

Action                   |  1- 3 |  4- 6 || total
-------------------------+-------+-------++-------
Melee: Hand axe          |    89 |    40 ||   129
       Headbutt          |    12 |     4 ||    16
Invok: Berserk           |     2 |       ||     2
  Eat: Chunk             |     2 |     1 ||     3
       Ration            |       |     1 ||     1
Armor: Animal skin       |    17 |     4 ||    21
Dodge: Dodged            |    56 |    38 ||    94
